 Dungeon Crawl Stone Soup version 0.22.0-13-g43fe8f2 (webtiles) character file.

1213 dysrexia the Skirmisher (level 8, -6/67 HPs)
             Began as a Gnoll Abyssal Knight on Aug 16, 2018.
             Was a Priest of Lugonu.
             Mangled by an ogre
             ... wielding a +0 giant club
              (17 damage)
             ... on level 6 of the Dungeon.
             The game lasted 00:19:32 (5902 turns).

dysrexia the Skirmisher (Gnoll Abyssal Knight)      Turns: 5902, Time: 00:19:33

Health: -6/67      AC: 12    Str: 14    XL:     8   Next: 46%
Magic:  12/12      EV:  8    Int: 15    God:    Lugonu [***...]
Gold:   272        SH:  0    Dex: 17    Spells: 12/13 levels left

rFire    . . .     SeeInvis .   a - +2 mace
rCold    . . .     Gourm    .   (no shield)
rNeg     . . .     Faith    .   y - +0 chain mail
rPois    .         Spirit   .   (no helmet)
rElec    .         Reflect  .   (no cloak)
rCorr    .         Harm     .   (no gloves)
MR       .....                  l - +1 pair of boots
Stlth    ..........             (no amulet)
HPRegen  0.21/turn              v - ring of wizardry
MPRegen  0.13/turn              (no ring)

@: no status effects
A: distributed training, fangs 1, strong nose
a: Depart the Abyss, Bend Space, Banish, Renounce Religion


You were on level 6 of the Dungeon.
You worshipped Lugonu.
Lugonu was most pleased with you.
You were not hungry.

You visited 1 branch of the dungeon, and saw 6 of its levels.
You visited the Abyss 1 time.
You also visited: Sewer.

You collected 272 gold pieces.

Inventory:

Hand Weapons
 a - a +2 mace (weapon)
 j - a +0 blowgun
 u - a +1 vampiric whip
Missiles
 p - 41 poisoned needles
Armour
 b - a +0 leather armour
 l - a +1 pair of boots (worn)
 y - a +0 chain mail (worn)
 z - a +0 pair of gloves
Jewellery
 v - a ring of wizardry (left hand)
Wands
 g - a wand of polymorph (8)
 s - a wand of flame (36)
Scrolls
 f - 3 scrolls of teleportation
 n - 3 scrolls of remove curse
 t - a scroll of amnesia
 x - a scroll of enchant armour
 B - 2 scrolls of noise {unknown}
Potions
 d - 2 potions of might
 e - 2 potions of agility {unknown}
 h - 10 potions of curing
 i - a potion of berserk rage {unknown}
 k - 2 potions of resistance {unknown}
 m - 3 potions of haste
 o - 3 potions of brilliance {unknown}
 q - 2 potions of degeneration {unknown}
 r - a potion of mutation {unknown}
 w - a potion of flight {unknown}
Comestibles
 c - 12 rations


   Skills:
 + Level 7.3 Fighting
 + Level 3.2 Short Blades
 + Level 3.2 Long Blades
 + Level 3.2 Axes
 + Level 5.6 Maces & Flails
 + Level 3.2 Polearms
 + Level 3.2 Staves
 + Level 3.2 Slings
 + Level 3.2 Bows
 + Level 3.2 Crossbows
 + Level 3.2 Throwing
 + Level 5.6 Armour
 + Level 4.2 Dodging
 + Level 3.2 Stealth
 + Level 3.2 Shields
 + Level 3.2 Unarmed Combat
 + Level 3.2 Spellcasting
 + Level 2.6 Conjurations
 + Level 2.6 Hexes
 + Level 2.6 Charms
 + Level 2.6 Summonings
 + Level 2.6 Necromancy
 + Level 2.6 Translocations
 + Level 2.6 Transmutations
 + Level 2.6 Fire Magic
 + Level 2.6 Ice Magic
 + Level 2.6 Air Magic
 + Level 2.6 Earth Magic
 + Level 2.6 Poison Magic
 + Level 5.9 Invocations
 + Level 3.2 Evocations


You had 12 spell levels left.
You knew the following spells:

 Your Spells              Type           Power        Failure   Level  Hunger
a - Confusing Touch       Hex            ##....       45%         1    #......

Your spell library contained the following spells:

 Spells                   Type           Power        Failure   Level  Hunger
 Confuse                  Hex            ##......     80%         3    ###....
 Metabolic Englaciation   Hex/Ice        ##........   100%        5    ######.
 Petrify                  Tmut/Erth      ##......     99%         4    #####..
 Gell's Gravitas          Tloc           ##........   80%         3    ###....
 Yara's Violent Unravell  Hex/Tmut       ##........   100%        5    ######.


Dungeon Overview and Level Annotations

Branches:
Dungeon (6/15)             Temple (0/1) D:4

Altars:
Ashenzari
Dithmenos
Elyvilon
Gozag
Uskayaw
Vehumet


Innate Abilities, Weirdness & Mutations

Your experience applies equally to all skills.
You have very sharp teeth.
Your uncanny sense of smell can sniff out nearby items.


Message History

You hit the ogre.
The ogre is heavily wounded.
The ogre hits you with a giant club!
You hit the ogre.
The ogre is severely wounded.
The ogre barely misses you.
You hit the ogre.
The ogre is severely wounded.
The ogre closely misses you.
You hit the ogre.
The ogre is almost dead.
The ogre barely misses you.
You hit the ogre but do no damage.
The ogre is almost dead.
The ogre hits you with a giant club!!
* * * LOW HITPOINT WARNING * * *
You hit the ogre.
The ogre is almost dead.
The ogre hits you with a giant club!
You die...

#######
#.#..#.#####.#.####
#.#.............)..
###'#.##.#####'#'####
#.....##.# #.........
#.....##.# #........#
#.....'..# #.........
#.....#### #.........
#........#####+#'#+#.
#...@........# #...#.
#####O####.###.#
###.#. #......O...#.
#..<..
#.............#
#.###.
#.............# #. ..
#.............# #
#........###'##
#........# .#
#........# ..


You could see an ogre.

Vanquished Creatures
  Eustachio (D:6)
  An ice beast (D:6)
  An ogre (D:5)
  3 big kobolds (Sewer)
  A bullfrog (D:6)
  A scorpion (D:3)
  2 howler monkeys
  A crimson imp (D:5)
  A hound (D:5)
  A bullfrog zombie (D:5)
  A bullfrog skeleton (D:4)
  3 worker ants (D:5)
  15 adders
  5 river rats (Sewer)
  2 shadow imps (D:5)
  An ooze (Sewer)
  An adder zombie (D:5)
  An adder skeleton (D:5)
  3 dart slugs
  4 leopard geckos
  An orc (D:4)
  3 bats
  6 giant cockroaches
  8 goblins
  7 hobgoblins
  4 jackals (D:1)
  A quokka (D:5)
  5 ball pythons
  15 kobolds
  A leopard gecko zombie (D:5)
  24 rats
124 creatures vanquished.

Notes
Turn   | Place    | Note
-------+----------+-------------------------------------------
     0 | Abyss:1  | dysrexia the Gnoll Abyssal Knight began the quest for the Orb.
     0 | Abyss:1  | Reached XP level 1. HP: 23/23 MP: 3/3
    48 | D:1      | Escaped the Abyss
   288 | D:1      | Reached XP level 2. HP: 29/29 MP: 5/5
   419 | D:1      | Reached * piety under Lugonu
  1052 | D:2      | Reached XP level 3. HP: 25/35 MP: 6/6
  1362 | D:2      | Found a shadowy altar of Dithmenos.
  1422 | D:2      | Found a white marble altar of Elyvilon.
  1445 | D:2      | Found an opulent altar of Gozag.
  1687 | D:3      | Reached skill level 1 in Short Blades
  1687 | D:3      | Reached skill level 1 in Long Blades
  1687 | D:3      | Reached skill level 1 in Axes
  1687 | D:3      | Reached skill level 1 in Polearms
  1687 | D:3      | Reached skill level 1 in Staves
  1687 | D:3      | Reached skill level 1 in Slings
  1687 | D:3      | Reached skill level 1 in Bows
  1687 | D:3      | Reached skill level 1 in Crossbows
  1687 | D:3      | Reached skill level 1 in Throwing
  1687 | D:3      | Reached skill level 1 in Stealth
  1687 | D:3      | Reached skill level 1 in Shields
  1687 | D:3      | Reached skill level 1 in Unarmed Combat
  1687 | D:3      | Reached skill level 1 in Spellcasting
  1687 | D:3      | Reached skill level 1 in Evocations
  1687 | D:3      | Reached XP level 4. HP: 36/41 MP: 7/7
  1708 | D:3      | Learned a level 1 spell: Confusing Touch
  1758 | D:3      | Found a white marble altar of Elyvilon.
  1843 | D:3      | Found a glowing drain.
  1983 | D:3      | Reached skill level 1 in Conjurations
  1983 | D:3      | Reached skill level 1 in Hexes
  1983 | D:3      | Reached skill level 1 in Charms
  1983 | D:3      | Reached skill level 1 in Summonings
  1983 | D:3      | Reached skill level 1 in Necromancy
  1983 | D:3      | Reached skill level 1 in Translocations
  1983 | D:3      | Reached skill level 1 in Transmutations
  1983 | D:3      | Reached skill level 1 in Fire Magic
  1983 | D:3      | Reached skill level 1 in Ice Magic
  1983 | D:3      | Reached skill level 1 in Air Magic
  1983 | D:3      | Reached skill level 1 in Earth Magic
  1983 | D:3      | Reached skill level 1 in Poison Magic
  1985 | D:3      | Reached ** piety under Lugonu
  2097 | Sewer    | Entered a sewer
  2122 | Sewer    | Reached XP level 5. HP: 46/47 MP: 8/8
  2912 | Sewer    | Noticed a big kobold
  2912 | Sewer    | Noticed a big kobold
  2912 | Sewer    | Noticed a big kobold
  2958 | Sewer    | Killed a big kobold
  2958 | Sewer    | Reached skill level 5 in Invocations
  2958 | Sewer    | Reached XP level 6. HP: 21/53 MP: 9/9
  2962 | Sewer    | Reached skill level 5 in Maces & Flails
  2962 | Sewer    | Reached skill level 5 in Armour
  3486 | D:3      | Reached *** piety under Lugonu
  3486 | D:3      | Reached XP level 7. HP: 38/59 MP: 10/10
  3958 | D:4      | Reached skill level 7 in Fighting
  4134 | D:4      | Found a staircase to the Ecumenical Temple.
  4273 | D:4      | Found a radiant altar of Vehumet.
  4427 | D:5      | Entered Level 5 of the Dungeon
  4606 | D:5      | Noticed a dagger
  4618 | D:5      | Found a hide-covered altar of Uskayaw.
  4618 | D:5      | Noticed a dagger
  5077 | D:5      | Reached XP level 8. HP: 55/67 MP: 12/12
  5227 | D:6      | Found a shattered altar of Ashenzari.
  5383 | D:6      | Noticed Eustachio
  5545 | D:6      | Killed Eustachio
  5902 | D:6      | Mangled by an ogre

Skill      XL: |  1  2  3  4  5  6  7  8 |
---------------+-------------------------+-----
Short Blades   | 1 2 3 |  3.2
Long Blades    | 1 2 3 |  3.2
Axes           | 1 2 3 |  3.2
Polearms       | 1 2 3 |  3.2
Staves         | 1 2 3 |  3.2
Slings         | 1 2 3 |  3.2
Bows           | 1 2 3 |  3.2
Crossbows      | 1 2 3 |  3.2
Throwing       | 1 2 3 |  3.2
Stealth        | 1 2 3 |  3.2
Shields        | 1 2 3 |  3.2
Unarmed Combat | 1 2 3 |  3.2
Spellcasting   | 1 2 3 |  3.2
Evocations     | 1 2 3 |  3.2
Conjurations   | 1 2 |  2.6
Hexes          | 1 2 |  2.6
Charms         | 1 2 |  2.6
Summonings     | 1 2 |  2.6
Necromancy     | 1 2 |  2.6
Translocations | 1 2 |  2.6
Transmutations | 1 2 |  2.6
Fire Magic     | 1 2 |  2.6
Ice Magic      | 1 2 |  2.6
Air Magic      | 1 2 |  2.6
Earth Magic    | 1 2 |  2.6
Poison Magic   | 1 2 |  2.6
Dodging        | 3 4 |  4.2
Invocations    | 5 |  5.9
Maces & Flails | 5 |  5.6
Armour         | 5 |  5.6
Fighting       | 7 |  7.3

Action                   |  1- 3 |  4- 6 |  7- 9 || total
-------------------------+-------+-------+-------++-------
Melee: Mace              |    79 |    50 |   180 ||   309
       Bite              |     5 |    15 |    30 ||    50
       Short sword       |       |   130 |       ||   130
       Punch             |       |     1 |     2 ||     3
       Whip              |       |    18 |    93 ||   111
       Unarmed           |       |       |    40 ||    40
 Fire: Blowgun           |       |       |     5 ||     5
 Cast: Confusing Touch   |       |     2 |       ||     2
Invok: Depart the Abyss  |     1 |       |       ||     1
Evoke: Wand              |       |       |     1 ||     1
  Use: Scroll            |     7 |     3 |     1 ||    11
       Potion            |       |     3 |     1 ||     4
 Stab: Sleeping          |     2 |       |     1 ||     3
  Eat: Chunk             |     2 |     5 |     7 ||    14
       Ration            |       |     2 |       ||     2
Armor: Leather armour    |    18 |    70 |     7 ||    95
       Chain mail        |       |       |   165 ||   165
       Skin              |       |       |    44 ||    44
Dodge: Dodged            |    51 |   208 |   179 ||   438
